 Dungeon Crawl Stone Soup version 0.24-a0-521-g122614bf49 (webtiles) character file.

Game seed: 6539416594468973307

196 vurker the Chucker (level 5, -5/50 HPs)
             Began as a Troll Hunter on July 28, 2019.
             Slain by a river rat (8 damage)
             ... in a sewer.
             The game lasted 00:05:08 (1437 turns).

vurker the Chucker (Troll Hunter)                   Turns: 1437, Time: 00:05:09

Health: -5/50      AC:  6    Str: 20 (21) XL:     5   Next: 46%
Magic:  4/4        EV:  9    Int:  6 (7)  God:
Gold:   115        SH:  0    Dex:  7 (10) Spells: 4/4 levels left

rFire    . . .     SeeInvis .     - Unarmed
rCold    . . .     Gourm    +   (no shield)
rNeg     . . .     Faith    .   b - +0 robe
rPois    .         Spirit   .   (helmet restricted)
rElec    .         Reflect  .   (no cloak)
rCorr    .         Harm     .   (gloves unavailable)
MR       .....     Rnd*Tele +   (boots unavailable)
Stlth    +.........             (no amulet)
HPRegen  0.56/turn              j - ring of teleportation (curse)
MPRegen  0.09/turn              (no ring)

@: no status effects
A: large, unfitting armour, claws 3, fast metabolism 3, gourmand, regeneration
1, shaggy fur 1, tough skin 3
a: no special abilities


You were in a sewer.
You were very full.

You visited 1 branch of the dungeon, and saw 3 of its levels.
You also visited: Sewer.

You collected 115 gold pieces.

Inventory:

Missiles
 c - 5 large rocks (quivered)
 d - 3 throwing nets
Armour
 b - a +0 robe (worn)
Jewellery
 j - a cursed ring of teleportation (left claw)
   (You found it on level 1 of the Dungeon)
Potions
 f - a potion of degeneration
 g - 2 potions of agility
Comestibles
 e - 3 rations
 i - 3 chunks of flesh


   Skills:
 + Level 2.6 Fighting
 * Level 5.1 Throwing
 - Level 1.5 Dodging
 - Level 0.3 Stealth
 + Level 2.4 Unarmed Combat


You had 4 spell levels left.
You didn't know any spells.
Your spell library was empty.

Dungeon Overview and Level Annotations

Branches:
Dungeon (3/15)

Altars:
Cheibriados
Qazlal


Innate Abilities, Weirdness & Mutations

You are too large for most types of armour.
You have claws for hands.
Your metabolism is lightning-fast.
You like to eat raw meat.
Your natural rate of healing is unusually fast.
You are covered in fur. (AC +1)
You have extremely tough skin. (AC +3)


Message History

You scratch the rat.
You kill the rat!
The rat barely misses you. The river rat bites you.
* * * LOW HITPOINT WARNING * * *
The river rat bites you.
* * * LOW HITPOINT WARNING * * *
The rat bites you but does no damage. The rat closely misses you.
The rat barely misses you.
You see here a rat corpse.
You closely miss the rat.
A rat comes into view.
The rat barely misses you.
You scratch the river rat but do no damage.
You closely miss the river rat. The river rat closely misses you.
You claw the river rat!
The river rat bites you but does no damage.
The river rat bites you!
* * * LOW HITPOINT WARNING * * *
The river rat bites you.
* * * LOW HITPOINT WARNING * * *
The rat barely misses you.
You see here a ball python corpse.
A rat comes into view.
The rat splashes around in the water.
The rat bites you but does no damage. The rat bites you.
* * * LOW HITPOINT WARNING * * *
You aren't carrying any items that you can evoke.
Unknown command.
It was a potion of degeneration.
There was something very wrong with that liquid.
You feel weakened.
You feel dopey.
You feel clumsy. The river rat bites you.
* * * LOW HITPOINT WARNING * * *
The rat bites you but does no damage.
It was a potion of resistance.
You feel protected.
The kobold shouts!
You hear a shout!
A ball python comes into view.
The frilled lizard hisses.
The river rat bites you.
* * * LOW HITPOINT WARNING * * *
The rat barely misses you. x2
It was a potion of cancellation.
Your magical effects are unravelling.
You feel magically purged.
Your resistance to elements expires.
The kobold throws a stone.
The stone hits you but does no damage. The river rat bites you!
You die...

......................(....'K.
................K.≈≈≈≈≈≈≈≈≈#..
≈≈≈≈≈≈≈≈≈........≈≈≈≈≈≈≈≈≈≈≈≈≈#..
≈≈≈≈≈≈≈≈≈≈.....≈K≈≈≈≈≈≈≈≈≈≈≈≈≈###
≈≈≈≈≈≈≈≈≈≈≈≈≈≈≈≈≈≈≈≈≈≈≈≈≈≈≈≈≈≈#
≈≈≈≈≈≈≈≈≈≈≈≈≈≈≈≈≈≈≈≈≈S≈≈≈≈≈≈≈≈≈
≈≈≈≈≈≈≈≈≈≈≈≈≈≈≈≈≈≈≈≈≈≈≈≈≈≈≈≈≈≈#
≈≈≈≈≈≈≈≈≈rr≈≈≈≈r≈≈≈≈≈≈≈≈≈≈≈≈≈≈≈
##≈≈†≈r≈...rrrrr@≈≈≈≈≈≈≈
#.....†.....rl.r##....≈≈
....r##........## .....
..r.†###†......# ....
....###........... ...
##.r†.....####.... .. ##r....###
##..## . ####### ###


You could see 2 river rats, a ball python, 2 kobolds, a frilled lizard and 8
rats.

Vanquished Creatures
  Terence (D:2)
  8 adders
  2 river rats (Sewer)
  A worm (D:1)
  4 dart slugs (D:2)
  2 leopard geckos
  4 orcs (D:3)
  2 giant cockroaches
  9 goblins
  3 hobgoblins (D:2)
  8 jackals (D:1)
  A quokka (D:1)
  4 ball pythons (Sewer)
  A bat (D:1)
  2 frilled lizards (D:2)
  8 kobolds
  8 rats
68 creatures vanquished.

Notes
Turn   | Place    | Note
-------+----------+-------------------------------------------
     0 | D:1      | vurker the Troll Hunter began the quest for the Orb.
     0 | D:1      | Reached XP level 1. HP: 19/19 MP: 0/0
   154 | D:1      | Reached XP level 2. HP: 27/28 MP: 1/1
   381 | D:1      | Reached skill level 4 in Throwing
   383 | D:1      | Reached skill level 1 in Unarmed Combat
   574 | D:1      | Reached XP level 3. HP: 21/35 MP: 2/2
   776 | D:1      | Reached XP level 4. HP: 16/42 MP: 3/3
  1055 | D:2      | Noticed Terence
  1060 | D:2      | Killed Terence
  1192 | D:3      | Reached XP level 5. HP: 38/50 MP: 4/4
  1225 | D:3      | Found a snail-covered altar of Cheibriados.
  1225 | D:3      | Found a stormy altar of Qazlal.
  1276 | D:3      | Found a glowing drain.
  1280 | Sewer    | Entered a sewer
  1349 | Sewer    | Reached skill level 5 in Throwing
  1436 | Sewer    | HP: 2/50 [river rat (4)]
  1437 | Sewer    | Slain by a river rat

Levels and vault maps discovered:
D:1:      lightli_iron_boxes, layout_basic, minmay_bisected
D:2:      layout_rooms, uniq_terence
D:3:      layout_basic, grunt_temple_overflow_open,
          cheibrodos_sewer_entry_drain, chequers_ecumenical_altar_simple_redux
Sewer:    sewer_minmay_treatment

Skill      XL: |  1  2  3  4  5 |
---------------+----------------+-----
Throwing       | 4 5 |  5.1
Unarmed Combat | 1 2 |  2.4
Fighting       | 2 |  2.6
Dodging        | |  1.5
Stealth        | |  0.3

Action                   |  1- 3 |  4- 6 || total
-------------------------+-------+-------++-------
Melee: Unarmed           |   103 |    99 ||   202
       Punch             |     1 |       ||     1
Throw: Large rock        |     2 |     1 ||     3
  Use: Scroll            |     2 |     2 ||     4
       Potion            |       |     3 ||     3
  Eat: Chunk             |    12 |     6 ||    18
Armor: Robe              |    76 |    71 ||   147
Dodge: Dodged            |    94 |    87 ||   181

Table legend:
 A = Non-vault XP
 B = Vault XP
 C = Vault XP percentage of total XP
 D = Non-vault monster count
 E = Vault monster count
 F = Vault count percentage of total count
                 A         B        C        D         E       F
            +---------+---------+-------+---------+---------+-------
      Total |     189 |      92 |  32.7 |      51 |      17 |  25.0
            +---------+---------+-------+---------+---------+-------
        D:1 |      48 |       6 |  11.1 |      18 |       3 |  14.3
        D:2 |      85 |      36 |  29.8 |      24 |       1 |   4.0
        D:3 |      56 |       0 |   0.0 |       9 |       0 |   0.0
      Sewer |       0 |      50 | 100.0 |       0 |      13 | 100.0
            +---------+---------+-------+---------+---------+-------
